AoeStats
← Dovahkiin

Oasis

509939032Analyzed
3v3 RM · 3d ago on Sep 28, 2026· 47m 1s· 6 players
Game mode
Random Map
Map size
Normal (6 player)
Population
200
Speed
Normal
Resources
Standard
Victory
Conquest
Starting age
Dark Age
Ending age
Imperial Age
RankedLock teamsTeams togetherTeam positionsShared explorationLock speedFull tech treeHidden civsTurbo modeCheats
Victory
Defeat
🇩🇪 Persians · Germany
972
+12
🇳🇱 Khmer · Netherlands
954
+13
🇹🇷 Armenians · Türkiye
922
+14
🇬🇧 Bengalis · United Kingdom
899
-14
🇧🇪 Celts · Belgium
882
-13
🇺🇸 Khmer · United States
851
-12
Budhampton
1:15 Loom
12:26 Feudal Age
14:57 Double-Bit Axe
18:24 Castle Age
18:18 Stone Mining
21:15 Wheelbarrow
20:46 Fletching
21:14 Pikeman
22:45 Town Watch
24:18 Bodkin Arrow
25:41 Light Cavalry
26:32 Bloodlines
27:42 Husbandry
29:04 Hand Cart
31:16 Bow Saw
30:50 Horse Collar
34:15 Gold Mining
35:10 Murder Holes
39:10 Imperial Age
40:57 Siege Engineers
42:44 Chemistry
GrabtharHam3598
6:38 Loom
12:27 Feudal Age
14:27 Double-Bit Axe
14:25 Horse Collar
16:13 Man-at-Arms
27:27 Castle Age
25:44 Scale Mail Armor
25:37 Fletching
26:15 Stone Mining
26:38 Gold Mining
27:34 Forging
27:45 Long Swordsman
28:55 Padded Archer Armor
30:12 Husbandry
32:18 Wheelbarrow
32:34 Scale Barding Armor
34:52 Gambesons
38:23 Town Watch
40:12 Hand Cart
41:07 Heavy Plow
43:39 Murder Holes
46:02 Bow Saw
CROOKED HILLARY
[AoS] jOhNChiLLy
4:57 Loom
11:53 Feudal Age
17:04 Castle Age
16:15 Stone Mining
18:43 Double-Bit Axe
25:51 Forging
28:29 Scale Barding Armor
28:43 Bow Saw
29:21 Horse Collar
30:12 Chain Barding Armor
30:39 Husbandry
31:47 Wheelbarrow
32:20 Fletching
32:31 Padded Archer Armor
33:27 Elite Skirmisher
35:13 Iron Casting
34:36 Bodkin Arrow
37:57 Imperial Age
36:49 Ballistics
37:51 Gold Mining
38:30 Leather Archer Armor
39:18 Bloodlines
39:55 Plate Barding Armor
40:49 Chemistry
41:26 Conscription
41:39 Bracer
42:55 Ring Archer Armor
Dovahkiin
11:25 Feudal Age
16:24 Castle Age
15:05 Double-Bit Axe
17:38 Horse Collar
20:10 Bow Saw
20:01 Man-at-Arms
20:29 Arson
20:48 Squires
20:34 Gambesons
21:35 Heavy Plow
21:47 Long Swordsman
24:40 Scale Mail Armor
25:41 Chain Mail Armor
25:37 Forging
25:39 Two-Handed Swordsman
27:53 Wheelbarrow
30:58 Hand Cart
31:49 Gold Mining
31:56 Stone Mining
32:07 Champion
34:51 Iron Casting
37:23 Loom
38:55 Pikeman
42:42 Imperial Age
41:01 Town Watch
43:35 Fereters
44:10 Devotion
[AoS] SenolMurat
5:56 Loom
9:06 Feudal Age
20:32 Castle Age
18:22 Horse Collar
18:46 Double-Bit Axe
19:29 Gold Mining
19:32 Stone Mining
20:30 Man-at-Arms
35:05 Heavy Plow
41:05 Imperial Age
Connection lost

Rejoining the realm…

Still unreachable

The connection could not be restored.

Session expired

The server has moved on; the page needs a fresh start.